[Event "Moscow Rapid-ch 2018"]
[Site "Moscow"]
[Date "2018.12.08"]
[Round "6"]
[White "Strutinskaia, Galina"]
[Black "Zaitseva, Lyudmila"]
[Result "1-0"]
[ECO "A01"]
[WhiteElo "2201"]
[BlackElo "1931"]
[Annotator "NA"]
[PlyCount "63"]
[EventDate "2018.12.08"]
[EventType "swiss"]
[EventCountry "RUS"]
[SourceTitle "playchess.com"]
[Source "ChessBase"]
[SourceQuality "1"]
[TimeControl "900+10"]

1. b3 Nf6 2. Bb2 g6 3. f4 Bg7 4. Nf3 O-O 5. e3 a6 6. Be2 b5 7. O-O Bb7 8. d3 d6 9. Qe1 Nbd7 10. Qh4 c5 11. Nbd2 Rc8 12. a4 d5 13. c4 dxc4 14. bxc4 b4 15. a5 Nb8 16. f5 Nc6 17. fxg6 fxg6 18. Ng5 h6 19. Ne6 Qd6 20. Nxf8 Rxf8 21. Nb3 g5 22. Qg3 e5 23. Rad1 Qe7 24. h4 gxh4 25. Qxh4 Nd8 26. Rf5 Nf7 27. Rdf1 Kh7 28. Rxf6 Bxf6 29. Qxf6 Qxf6 30. Rxf6 Kg7 31. Rb6 Bc8 32. Nxc5 1-0

[Event "Moscow Rapid-ch 2018"]
[Site "Moscow"]
[Date "2018.12.08"]
[Round "6"]
[White "Chudinovskikh, Alexander M"]
[Black "Andreev, Konstantin"]
[Result "1-0"]
[ECO "B30"]
[WhiteElo "2184"]
[BlackElo "2276"]
[Annotator "NA"]
[PlyCount "47"]
[EventDate "2018.12.08"]
[EventType "swiss"]
[EventCountry "RUS"]
[SourceTitle "playchess.com"]
[Source "ChessBase"]
[SourceQuality "1"]
[TimeControl "900+10"]

1. e4 c5 2. Nf3 Nc6 3. Bb5 e6 4. O-O Nge7 5. Re1 Ng6 6. c3 Be7 7. d4 O-O 8. d5 Qb6 9. Bf1 Na5 10. c4 e5 11. Bd2 Qc7 12. d6 Bxd6 13. Bxa5 Qxa5 14. Qxd6 Nh4 15. Nc3 Nxf3+ 16. gxf3 Qb4 17. Nd5 Qxb2 18. Ne7+ Kh8 19. Ng6+ hxg6 20. Qxf8+ Kh7 21. Rad1 b6 22. Qxf7 Qxa2 23. Rd6 g5 24. Bh3 1-0

[Event "Moscow Rapid-ch 2018"]
[Site "Moscow"]
[Date "2018.12.08"]
[Round "6"]
[White "Gorovenko, Darya"]
[Black "Chasovnikova, Eugenia"]
[Result "0-1"]
[ECO "A61"]
[WhiteElo "2163"]
[BlackElo "2201"]
[Annotator "NA"]
[PlyCount "64"]
[EventDate "2018.12.08"]
[EventType "swiss"]
[EventCountry "RUS"]
[SourceTitle "playchess.com"]
[Source "ChessBase"]
[SourceQuality "1"]
[TimeControl "900+10"]

1. d4 Nf6 2. Nf3 c5 3. d5 e6 4. c4 exd5 5. cxd5 d6 6. Nc3 g6 7. Qa4+ Bd7 8. Qb3 b6 9. Bf4 Nh5 10. Bg5 Be7 11. Bh6 Bf8 12. Bxf8 Kxf8 13. Ne4 Qe7 14. Qc3 f6 15. Ng3 Nxg3 16. hxg3 Kg7 17. e3 b5 18. Bd3 Na6 19. O-O-O c4 20. Bc2 Rac8 21. Kb1 b4 22. Qd4 b3 23. axb3 cxb3 24. Bxb3 Bf5+ 25. e4 Bxe4+ 26. Ka2 Rc5 27. Rhe1 Ra5+ 28. Ba4 Nc5 29. b3 Qb7 30. Rxe4 Qxb3+ 31. Ka1 Nxe4 32. Qxe4 Rxa4+ 0-1

[Event "Moscow Rapid-ch 2018"]
[Site "Moscow"]
[Date "2018.12.08"]
[Round "6"]
[White "Kanevskaya, Anna"]
[Black "Martynyuk, Elizaveta"]
[Result "1/2-1/2"]
[ECO "D11"]
[WhiteElo "2105"]
[BlackElo "2128"]
[Annotator "NA"]
[PlyCount "162"]
[EventDate "2018.12.08"]
[EventType "swiss"]
[EventCountry "RUS"]
[SourceTitle "playchess.com"]
[Source "ChessBase"]
[SourceQuality "1"]
[TimeControl "900+10"]

1. d4 d5 2. c4 c6 3. Nf3 Nf6 4. g3 Bf5 5. Nc3 e6 6. Bg2 h6 7. O-O Be7 8. Nd2 O-O 9. b3 Nbd7 10. Bb2 a5 11. e3 Qb6 12. Qe2 dxc4 13. Nxc4 Qa6 14. e4 Bg6 15. Rad1 Rfe8 16. Rfe1 Rad8 17. h3 b5 18. Ne3 Qa7 19. e5 Nd5 20. Ncxd5 cxd5 21. Qxb5 Rb8 22. Qe2 a4 23. f4 axb3 24. axb3 Rxb3 25. f5 Bxf5 26. Nxf5 exf5 27. Rd3 Rxd3 28. Qxd3 Bb4 29. Rf1 Rxe5 30. Kh1 Re7 31. Bxd5 Nf6 32. Bg2 Qa2 33. Qb1 Qb3 34. Ba1 Qa3 35. Qb2 Qxb2 36. Bxb2 Re2 37. Bc1 Bd6 38. Bf4 Bxf4 39. Rxf4 Nh5 40. Rf3 Rd2 41. Kh2 Rxd4 42. Rxf5 g6 43. Rf2 Kg7 44. Bf3 Nf6 45. Kg2 h5 46. h4 Nd7 47. Re2 Nc5 48. Rc2 Ne6 49. Re2 Rd3 50. Be4 Rd1 51. Rf2 Rd4 52. Bb1 Nc5 53. Ba2 f6 54. Bb1 Rb4 55. Bc2 Rb2 56. Bd1 Rxf2+ 57. Kxf2 Ne4+ 58. Kf3 Nd6 59. Kf4 Kh6 60. Bc2 Nc4 61. Bd3 Ne5 62. Be2 Nc6 63. Ke4 Ne7 64. Bd1 g5 65. hxg5+ Kxg5 66. Kf3 Nf5 67. Kf2 Nh6 68. Be2 Ng4+ 69. Kf3 Ne5+ 70. Kf2 Nc6 71. Bd1 Nd4 72. Ke3 Ne6 73. Ke4 Ng7 74. Kf3 Kf5 75. Ke3 Ke5 76. Kf3 Kd4 77. Kf4 Kd3 78. Bxh5 Nxh5+ 79. Kf5 Ke3 80. g4 Nf4 81. Kxf6 Kf3 1/2-1/2

[Event "Moscow Rapid-ch 2018"]
[Site "Moscow"]
[Date "2018.12.09"]
[Round "7"]
[White "Dvalishvili, Pavel S."]
[Black "Gurvich, Vitaly"]
[Result "1/2-1/2"]
[ECO "E62"]
[WhiteElo "2396"]
[BlackElo "2270"]
[Annotator "NA"]
[PlyCount "49"]
[EventDate "2018.12.08"]
[EventType "swiss"]
[EventCountry "RUS"]
[SourceTitle "playchess.com"]
[Source "ChessBase"]
[SourceQuality "1"]
[TimeControl "900+10"]

1. d4 Nf6 2. Nf3 g6 3. c4 Bg7 4. Nc3 O-O 5. g3 d6 6. Bg2 Bg4 7. O-O Nc6 8. h3 Bxf3 9. Bxf3 Nd7 10. Be3 e5 11. Bxc6 bxc6 12. Rc1 f5 13. dxe5 Nxe5 14. b3 Qe7 15. Qd2 Rfe8 16. Rfe1 a5 17. Kg2 Nd7 18. Bd4 Bxd4 19. Qxd4 Nc5 20. Rb1 Rab8 21. e3 Qf7 22. e4 f4 23. e5 fxg3 24. fxg3 Qg7 25. Rbd1 1/2-1/2

[Event "Moscow Rapid-ch 2018"]
[Site "Moscow"]
[Date "2018.12.09"]
[Round "7"]
[White "Tsvetkov, Andrey"]
[Black "Lavrov, Maxim"]
[Result "1/2-1/2"]
[ECO "E91"]
[WhiteElo "2338"]
[BlackElo "2387"]
[Annotator "NA"]
[PlyCount "41"]
[EventDate "2018.12.08"]
[EventType "swiss"]
[EventCountry "RUS"]
[SourceTitle "playchess.com"]
[Source "ChessBase"]
[SourceQuality "1"]
[TimeControl "900+10"]

1. d4 Nf6 2. c4 g6 3. Nc3 Bg7 4. e4 d6 5. Nf3 O-O 6. Be2 Nbd7 7. O-O e5 8. Be3 a5 9. a3 exd4 10. Nxd4 Nc5 11. f3 a4 12. Qc2 Nh5 13. Rad1 Re8 14. Rfe1 Be5 15. Bf2 c6 16. g3 Qg5 17. Bf1 Nf6 18. Be3 Qh5 19. f4 Bxd4 20. Rxd4 Bh3 21. Rxd6 1/2-1/2

[Event "Moscow Rapid-ch 2018"]
[Site "Moscow"]
[Date "2018.12.09"]
[Round "7"]
[White "Paramzina, Anastasya"]
[Black "Kanevskaya, Anna"]
[Result "1-0"]
[ECO "C50"]
[WhiteElo "2229"]
[BlackElo "2105"]
[Annotator "NA"]
[PlyCount "61"]
[EventDate "2018.12.08"]
[EventType "swiss"]
[EventCountry "RUS"]
[SourceTitle "playchess.com"]
[Source "ChessBase"]
[SourceQuality "1"]
[TimeControl "900+10"]

1. e4 e5 2. Nf3 Nc6 3. Bc4 Bc5 4. d3 Nf6 5. O-O d6 6. c3 a6 7. Bb3 Ba7 8. Nbd2 Ne7 9. Re1 h6 10. Nf1 Ng6 11. h3 O-O 12. Ng3 Be6 13. d4 Qd7 14. Kh2 Bxb3 15. Qxb3 Qb5 16. Qc2 Rae8 17. Be3 Bb6 18. a4 Qd7 19. a5 exd4 20. Nxd4 Ba7 21. f4 c6 22. Rad1 Bb8 23. Ndf5 Nxe4 24. Nxh6+ gxh6 25. Nxe4 Qf5 26. Bd4 Qxf4+ 27. g3 Qf3 28. Nf6+ Kh8 29. Nxe8+ Ne5 30. Nxd6 f6 31. Bxe5 1-0

[Event "Moscow Rapid-ch 2018"]
[Site "Moscow"]
[Date "2018.12.09"]
[Round "7"]
[White "Vlasov, Sergey"]
[Black "Gorbatov, Alexej"]
[Result "0-1"]
[ECO "B20"]
[WhiteElo "2229"]
[BlackElo "2389"]
[Annotator "NA"]
[PlyCount "110"]
[EventDate "2018.12.08"]
[EventType "swiss"]
[EventCountry "RUS"]
[SourceTitle "playchess.com"]
[Source "ChessBase"]
[SourceQuality "1"]
[TimeControl "900+10"]

1. e4 c5 2. a3 Nc6 3. b4 Nf6 4. b5 Nd4 5. c3 Ne6 6. e5 Nd5 7. c4 Ndc7 8. Nf3 g6 9. Bb2 Bg7 10. g3 b6 11. Bg2 Bb7 12. O-O O-O 13. d3 a6 14. bxa6 Rxa6 15. Nbd2 Qa8 16. Re1 b5 17. Nh4 bxc4 18. Nxc4 Nb5 19. Bxb7 Qxb7 20. Nf3 Qd5 21. Qe2 Rfa8 22. Qe3 h6 23. h4 h5 24. Reb1 Nbd4 25. Bxd4 cxd4 26. Qe2 Qc5 27. Rb3 Qc7 28. Rb5 d6 29. exd6 exd6 30. Rab1 Nc5 31. Nb6 Rd8 32. Nd5 Qd7 33. Ng5 Ra7 34. Rb8 Be5 35. f4 Bh8 36. Qe7 Ra8 37. Rxd8+ Rxd8 38. Qxd7 Rxd7 39. Rb8+ Kg7 40. Ne4 Nxe4 41. dxe4 Kh7 42. Rxh8+ Kxh8 43. Kf2 Ra7 44. Nf6 Rxa3 45. Ne8 Ra2+ 46. Kf3 d3 47. Ke3 Rg2 48. Kxd3 Rxg3+ 49. Kd4 Rg4 50. Nxd6 Rxf4 51. Ke5 Rf1 52. Ne8 Kg8 53. Nf6+ Kg7 54. Ne8+ Kf8 55. Nf6 Rh1 0-1

[Event "Moscow Rapid-ch 2018"]
[Site "Moscow"]
[Date "2018.12.09"]
[Round "7"]
[White "Chasovnikova, Eugenia"]
[Black "Strutinskaia, Galina"]
[Result "0-1"]
[ECO "E00"]
[WhiteElo "2201"]
[BlackElo "2201"]
[Annotator "NA"]
[PlyCount "178"]
[EventDate "2018.12.08"]
[EventType "swiss"]
[EventCountry "RUS"]
[SourceTitle "playchess.com"]
[Source "ChessBase"]
[SourceQuality "1"]
[TimeControl "900+10"]

1. d4 e6 2. c4 Bb4+ 3. Bd2 a5 4. g3 f5 5. Bg2 Nf6 6. Nh3 Nc6 7. O-O O-O 8. d5 Ne5 9. Qc2 Qe7 10. a3 Bxd2 11. Nxd2 Ra7 12. Nf4 g5 13. Nd3 Ng6 14. f4 gxf4 15. gxf4 Ng4 16. Rf3 Qf6 17. Nf1 d6 18. h3 Nh6 19. Rg3 e5 20. Qc3 Kh8 21. e3 e4 22. Qxf6+ Rxf6 23. Ne1 c5 24. dxc6 bxc6 25. Nc2 c5 26. Nd2 a4 27. Nb1 Rb7 28. Ra2 Be6 29. Bf1 d5 30. Nc3 dxc4 31. Rg2 Nh4 32. Rf2 Nf3+ 33. Kh1 Rg6 34. Bg2 Nh4 35. Rd2 Nf7 36. Ne1 Rg3 37. Ra1 Rd7 38. Re2 Nxg2 39. Nxg2 Rxh3+ 40. Kg1 Ra7 41. Rd1 Rg3 42. Kh2 Rg8 43. Red2 Rb8 44. Nh4 Kg7 45. Kg3 Rbb7 46. Rg1 Kf8 47. Kf2 Rd7 48. Rgd1 Rd3 49. Ke2 Nd8 50. Nb5 Rad7 51. Nc3 Rxd2+ 52. Rxd2 Rxd2+ 53. Kxd2 Bd7 54. Nd5 Kf7 55. Kc3 Ke6 56. Nb6 Bb5 57. Nxc4 Nf7 58. Nb6 Nh6 59. b3 axb3 60. a4 Ba6 61. Kxb3 Ng4 62. Ng2 Bf1 63. a5 Kd6 64. Nc4+ Kc7 65. Nh4 Nh6 66. a6 Kc6 67. a7 Kb7 68. Nd6+ Kxa7 69. Nhxf5 Ng4 70. Nxe4 Kb6 71. Nfg3 Bb5 72. f5 Nxe3 73. f6 Bc4+ 74. Kc3 Ba2 75. Kd3 Ng4 76. Nh5 h6 77. Nd6 Kc6 78. Nf5 Bf7 79. Nfg3 Bg6+ 80. Kc3 Bf7 81. Kd3 Kd6 82. Nf5+ Ke5 83. Nfg7 Nxf6 84. Ng3 c4+ 85. Ke3 Nd5+ 86. Kd2 Bg6 87. N7h5 c3+ 88. Kc1 Nb4 89. Ng7 Na2+ 0-1

[Event "Moscow Rapid-ch 2018"]
[Site "Moscow"]
[Date "2018.12.09"]
[Round "7"]
[White "Stukan, Martin"]
[Black "Chudinovskikh, Alexander M"]
[Result "1/2-1/2"]
[ECO "A63"]
[WhiteElo "2142"]
[BlackElo "2184"]
[Annotator "NA"]
[PlyCount "191"]
[EventDate "2018.12.08"]
[EventType "swiss"]
[EventCountry "RUS"]
[SourceTitle "playchess.com"]
[Source "ChessBase"]
[SourceQuality "1"]
[TimeControl "900+10"]

1. d4 Nf6 2. c4 e6 3. g3 c5 4. d5 exd5 5. cxd5 d6 6. Nc3 g6 7. Nf3 Bg7 8. Bg2 O-O 9. O-O Nbd7 10. Bf4 Qe7 11. Re1 a6 12. a4 Nh5 13. Bg5 f6 14. Bd2 Ne5 15. Nxe5 fxe5 16. e4 Rb8 17. Rb1 b5 18. axb5 axb5 19. b4 c4 20. Ra1 Nf6 21. f3 h5 22. Be3 Bd7 23. Ra7 Ra8 24. Nxb5 Rab8 25. Nxd6 Rxb4 26. Bc5 Rb5 27. Ba3 Rb3 28. Nxc4 Rxa3 29. d6 Qe6 30. Nxa3 h4 31. Qd3 hxg3 32. hxg3 Kh7 33. Rd1 Rb8 34. Qc4 Qe8 35. Rc7 Nh5 36. Qc5 Nxg3 37. Qa7 Ra8 38. Qf2 Nh5 39. Nc4 Rd8 40. Nb6 Nf4 41. Qh4+ Kg8 42. Qe7 Bf8 43. Qxe8 Bxe8 44. d7 Bf7 45. Rc8 Be7 46. Nd5 Bxd5 47. exd5 Kf7 48. Rxd8 Bxd8 49. Kh2 Ke7 50. Bh3 Nxh3 51. Kxh3 Kxd7 52. Kg3 Kd6 53. Kf2 Bb6+ 54. Kg3 Bd4 55. Kg4 Kxd5 56. Re1 Ke6 57. Kg5 Kf7 58. Re2 Kg7 59. Rc2 Be3+ 60. Kg4 Bf4 61. Rc6 Kf7 62. Kh3 Kg7 63. Kg2 Kh6 64. Kf2 Kg5 65. Ke2 Kf5 66. Kd3 Kg5 67. Ke4 Kh5 68. Rc8 Kg5 69. Rg8 Kf6 70. Kd5 Kf5 71. Rf8+ Kg5 72. Ke6 Kh4 73. Kd5 Kg3 74. Ke4 g5 75. Rg8 Kf2 76. Ra8 Kg3 77. Ra1 Kf2 78. Ra3 Kg3 79. Kf5 Kh3 80. Ra1 Kg3 81. Ke4 Kg2 82. Rb1 Kf2 83. Rb3 Kg2 84. Rb7 Kg3 85. Rh7 Kg2 86. Ra7 Kf2 87. Ra1 Kg2 88. Rb1 Kf2 89. Rb3 Kg2 90. Kf5 Kg3 91. Ra3 Kh3 92. Ke4 Kg3 93. Ra1 Kf2 94. Rh1 Kg2 95. Rh7 Kf2 96. Rh3 1/2-1/2

[Event "Moscow Rapid-ch 2018"]
[Site "Moscow"]
[Date "2018.12.09"]
[Round "7"]
[White "Zhukov, Anton"]
[Black "Reprintsev, Alexander"]
[Result "1/2-1/2"]
[ECO "D09"]
[WhiteElo "2138"]
[BlackElo "2371"]
[Annotator "NA"]
[PlyCount "163"]
[EventDate "2018.12.08"]
[EventType "swiss"]
[EventCountry "RUS"]
[SourceTitle "playchess.com"]
[Source "ChessBase"]
[SourceQuality "1"]
[TimeControl "900+10"]

1. d4 d5 2. c4 e5 3. dxe5 d4 4. Nf3 Nc6 5. g3 Nge7 6. Bg2 Ng6 7. O-O Ngxe5 8. Nxe5 Nxe5 9. Nd2 Be7 10. Nf3 Nxf3+ 11. Bxf3 O-O 12. b3 c5 13. Qd3 Bf6 14. Bb2 Qb6 15. Kh1 a5 16. a4 Bh3 17. Bg2 Bxg2+ 18. Kxg2 Rfe8 19. Rfe1 Re6 20. e4 dxe3 21. Bxf6 Qc6+ 22. Qd5 Rxf6 23. Rxe3 Qxd5+ 24. cxd5 Rd8 25. Rd1 Kf8 26. Re5 Rb6 27. d6 Rc6 28. d7 g6 29. h4 b6 30. Red5 Re6 31. h5 Ke7 32. R1d3 gxh5 33. Rxh5 Rxd7 34. Rxd7+ Kxd7 35. Rxh7 Ke7 36. Rh4 Rd6 37. Re4+ Kf6 38. Re3 Rd4 39. Kf3 Rb4 40. Rc3 Ke5 41. Ke3 Re4+ 42. Kd2 Rg4 43. Re3+ Kd5 44. Rd3+ Rd4 45. Kc3 Ke4 46. f3+ Kd5 47. Re3 c4 48. f4 f6 49. bxc4+ Rxc4+ 50. Kb3 Rb4+ 51. Ka3 Re4 52. Rb3 f5 53. Rb5+ Kc6 54. Rxf5 Re3+ 55. Kb2 Rxg3 56. Re5 Rg4 57. Rf5 Rh4 58. Kb3 Rh3+ 59. Kb2 Rf3 60. Ka2 Rd3 61. Kb2 Rd4 62. Kb3 Rb4+ 63. Ka3 Kd6 64. Rf6+ Kd5 65. Rf8 Ke4 66. Rf6 Kd4 67. Rf8 Ke3 68. Rf6 Kf3 69. Rh6 Kg4 70. Rf6 Kg3 71. Rh6 Kg4 72. Rf6 Kh5 73. Rf5+ Kg6 74. Rg5+ Kf6 75. Rh5 Ke6 76. Rh6+ Kf5 77. Rh5+ Ke4 78. Rh6 Kd5 79. Rf6 Kc5 80. Rf8 Re4 81. Rf5+ Kc4 82. Rb5 1/2-1/2

[Event "Moscow Rapid-ch 2018"]
[Site "Moscow"]
[Date "2018.12.09"]
[Round "7"]
[White "Kornilovich, Dmitry"]
[Black "Pavlov, Danila"]
[Result "1/2-1/2"]
[ECO "C11"]
[WhiteElo "2133"]
[BlackElo "2323"]
[Annotator "NA"]
[PlyCount "116"]
[EventDate "2018.12.08"]
[EventType "swiss"]
[EventCountry "RUS"]
[SourceTitle "playchess.com"]
[Source "ChessBase"]
[SourceQuality "1"]
[TimeControl "900+10"]

1. e4 e6 2. d4 d5 3. Nc3 Nf6 4. e5 Nfd7 5. f4 c5 6. Nf3 Nc6 7. Be3 cxd4 8. Nxd4 Bc5 9. Qd2 O-O 10. O-O-O a6 11. Kb1 Qe7 12. h4 Nxd4 13. Bxd4 b5 14. h5 Bb7 15. Rh3 b4 16. Ne2 a5 17. Bxc5 Nxc5 18. Nd4 Ne4 19. Qe3 Rac8 20. Bd3 Qc5 21. f5 exf5 22. Nxf5 Qxe3 23. Rxe3 Rc5 24. h6 g6 25. Bxe4 dxe4 26. Nd6 Ba8 27. Nxe4 Bxe4 28. Rxe4 Re8 29. Rde1 Re6 30. Rd4 Kf8 31. Rd8+ Ke7 32. Rh8 Rcxe5 33. Rxe5 Rxe5 34. a3 Re1+ 35. Ka2 Re2 36. axb4 axb4 37. Kb3 Rxg2 38. Rxh7 Rh2 39. Rh8 Kf6 40. c4 bxc3 41. bxc3 g5 42. c4 g4 43. c5 g3 44. Rg8 Rxh6 45. Rxg3 Ke5 46. Kc4 f5 47. Re3+ Kf4 48. Re8 Kg3 49. Rg8+ Kf3 50. Kd5 f4 51. Rf8 Ke3 52. Re8+ Kd3 53. c6 Rh7 54. Kd6 f3 55. c7 Rxc7 56. Kxc7 f2 57. Rf8 Ke2 58. Rxf2+ Kxf2 1/2-1/2

[Event "Moscow Rapid-ch 2018"]
[Site "Moscow"]
[Date "2018.12.09"]
[Round "7"]
[White "Martynyuk, Elizaveta"]
[Black "Glibka, Yulia"]
[Result "1-0"]
[ECO "B42"]
[WhiteElo "2128"]
[BlackElo "1979"]
[Annotator "NA"]
[PlyCount "53"]
[EventDate "2018.12.08"]
[EventType "swiss"]
[EventCountry "RUS"]
[SourceTitle "playchess.com"]
[Source "ChessBase"]
[SourceQuality "1"]
[TimeControl "900+10"]

1. e4 c5 2. Nf3 e6 3. d4 cxd4 4. Nxd4 a6 5. Bd3 Nc6 6. Be3 Nf6 7. O-O Qc7 8. Nc3 b5 9. Nxc6 dxc6 10. h3 c5 11. e5 Qxe5 12. Qf3 Qb8 13. Ne4 Bb7 14. Nxf6+ gxf6 15. Be4 Bxe4 16. Qxe4 Qc8 17. Rad1 f5 18. Qf3 Be7 19. Rd2 Rg8 20. Rfd1 e5 21. Rd5 f4 22. Bxc5 f6 23. Qh5+ Kf8 24. Bxe7+ Kxe7 25. Qxh7+ Kf8 26. Rd7 Qe8 27. Qh6+ 1-0

[Event "Moscow Rapid-ch 2018"]
[Site "Moscow"]
[Date "2018.12.09"]
[Round "7"]
[White "Girshgorn, Leonid"]
[Black "Volodin, Viktor"]
[Result "1-0"]
[ECO "D36"]
[WhiteElo "2038"]
[BlackElo "2175"]
[Annotator "NA"]
[PlyCount "82"]
[EventDate "2018.12.08"]
[EventType "swiss"]
[EventCountry "RUS"]
[SourceTitle "playchess.com"]
[Source "ChessBase"]
[SourceQuality "1"]
[TimeControl "900+10"]

1. d4 d5 2. c4 e6 3. Nc3 Nf6 4. Bg5 c6 5. cxd5 exd5 6. Qc2 Be7 7. e3 Nbd7 8. Bd3 Nf8 9. Nf3 Ng6 10. O-O-O Bg4 11. Kb1 Qa5 12. Rc1 Bxf3 13. gxf3 O-O-O 14. Na4 Kb8 15. h4 h6 16. Bxf6 Bxf6 17. Bxg6 fxg6 18. Nc5 Rd6 19. Qxg6 Rhd8 20. Qf7 Qc7 21. Qxc7+ Kxc7 22. h5 Re8 23. Rhg1 Re7 24. Nd3 Rd8 25. Rg6 Rde8 26. b4 a6 27. Kb2 Ra8 28. a4 Kb6 29. a5+ Kc7 30. f4 Rf8 31. Nc5 Rff7 32. f5 Kb8 33. Rg4 Re8 34. Ne6 Ree7 35. f4 Kc8 36. Rcg1 Kb8 37. Rg6 Kc8 38. Kc2 Kb8 39. Kd3 Kc8 40. Rxh6 Kb8 41. Rh8+ Ka7 {Ke4} 1-0

[Event "Moscow Rapid-ch 2018"]
[Site "Moscow"]
[Date "2018.12.09"]
[Round "7"]
[White "Vyrtosu, Natalia"]
[Black "Utiatskaja, Irina"]
[Result "0-1"]
[ECO "E73"]
[WhiteElo "1952"]
[BlackElo "2246"]
[Annotator "NA"]
[PlyCount "90"]
[EventDate "2018.12.08"]
[EventType "swiss"]
[EventCountry "RUS"]
[SourceTitle "playchess.com"]
[Source "ChessBase"]
[SourceQuality "1"]
[TimeControl "900+10"]

1. d4 Nf6 2. c4 g6 3. Nc3 Bg7 4. e4 d6 5. Be2 O-O 6. Be3 c5 7. e5 Nfd7 8. exd6 cxd4 9. dxe7 Qxe7 10. Bxd4 Bxd4 11. Qxd4 Nc6 12. Qf4 Qb4 13. O-O-O Nc5 14. Nf3 Na4 15. Nxa4 Qxa4 16. a3 b5 17. Nd4 Nxd4 18. Rxd4 Bf5 19. Bd1 Qa6 20. g4 Be6 21. cxb5 Qxb5 22. Kb1 a5 23. Ba4 Qb7 24. Rc1 Rab8 25. Rc2 Qh1+ 26. Rc1 Qb7 27. Rc2 Rbc8 28. Qe4 Qa6 29. Rd1 Rxc2 30. Bxc2 Rb8 31. h4 Qb5 32. Qd4 Rc8 33. f3 Qe2 34. Qd3 Qf2 35. h5 a4 36. hxg6 hxg6 37. Bxa4 Bc4 38. Qe4 Be2 39. Qb7 Rf8 40. Rd7 Bxf3 41. Qc7 Bxg4 42. Re7 Be6 43. Bc2 Qe1+ 44. Bd1 Qxd1+ 45. Qc1 Bf5+ 0-1

[Event "Moscow Rapid-ch 2018"]
[Site "Moscow"]
[Date "2018.12.09"]
[Round "8"]
[White "Yeletsky, Ivan"]
[Black "Gurvich, Vitaly"]
[Result "0-1"]
[ECO "B10"]
[WhiteElo "2406"]
[BlackElo "2270"]
[Annotator "NA"]
[PlyCount "72"]
[EventDate "2018.12.08"]
[EventType "swiss"]
[EventCountry "RUS"]
[SourceTitle "playchess.com"]
[Source "ChessBase"]
[SourceQuality "1"]
[TimeControl "900+10"]

1. e4 c6 2. d3 d5 3. Qe2 dxe4 4. dxe4 e5 5. Nf3 Nd7 6. Nbd2 Ngf6 7. Nc4 Qc7 8. Bd2 Bc5 9. O-O-O O-O 10. Nh4 b5 11. Ba5 Bb6 12. Nxb6 axb6 13. Bc3 Rxa2 14. b4 c5 15. Kb1 Ra3 16. Bb2 Ra4 17. f3 cxb4 18. Nf5 Nc5 19. Qe3 Be6 20. Re1 Ba2+ 21. Kc1 Nb3+ 22. Kd1 Rd8+ 23. Bd3 Bb1 24. Ke2 Bxc2 25. Bxb5 Ra2 26. Qg5 Bd3+ 27. Kf2 Rxb2+ 28. Kg3 Nh5+ 29. Qxh5 Bxb5 30. Nxg7 Kxg7 31. Qg5+ Kf8 32. Qh6+ Ke8 33. Rd1 Nd4 34. Qxh7 Qd6 35. Qh8+ Ke7 36. Qh4+ Qf6 0-1

[Event "Moscow Rapid-ch 2018"]
[Site "Moscow"]
[Date "2018.12.09"]
[Round "8"]
[White "Dragomarezkij, Evgeni"]
[Black "Lavrov, Maxim"]
[Result "1/2-1/2"]
[ECO "E81"]
[WhiteElo "2385"]
[BlackElo "2387"]
[Annotator "NA"]
[PlyCount "156"]
[EventDate "2018.12.08"]
[EventType "swiss"]
[EventCountry "RUS"]
[SourceTitle "playchess.com"]
[Source "ChessBase"]
[SourceQuality "1"]
[TimeControl "900+10"]

1. c4 Nf6 2. Nc3 g6 3. e4 d6 4. d4 Bg7 5. f3 O-O 6. Bg5 c5 7. d5 e6 8. Qd2 exd5 9. Nxd5 Be6 10. Ne2 Bxd5 11. cxd5 h6 12. Be3 Nbd7 13. Nc3 h5 14. Be2 a6 15. a4 Nh7 16. O-O Re8 17. Kh1 Ne5 18. Bg1 Qa5 19. f4 Nd7 20. Bd3 Rac8 21. e5 dxe5 22. f5 g5 23. Be3 g4 24. Ne4 Qxd2 25. Bxd2 Bf8 26. f6 c4 27. Bc2 Nc5 28. Rf5 Red8 29. Nc3 Nb3 30. Bxb3 cxb3 31. Rxh5 Nxf6 32. Rxe5 Nh7 33. Re4 Nf6 34. Rd4 Bg7 35. Rd1 Kh7 36. Bg5 Rd7 37. Rb4 Nh5 38. Rxb3 Kg6 39. Be3 Be5 40. g3 Rc4 41. a5 f6 42. Kg2 Ng7 43. Bb6 Nf5 44. Rd2 Ne7 45. Bf2 Bxc3 46. Rxc3 Rxc3 47. bxc3 Rxd5 48. Rb2 Rb5 49. Rxb5 axb5 50. h4 gxh3+ 51. Kxh3 Nc6 52. Bb6 f5 53. Kh4 Ne5 54. Bd8 Nf3+ 55. Kh3 Nd2 56. Bc7 Ne4 57. Be5 Kh5 58. Bd4 Ng5+ 59. Kg2 Kg4 60. Bf6 Ne4 61. Be5 Nc5 62. Bf4 Ne6 63. Be3 Nc7 64. Bd4 Ne6 65. Be3 Nc7 66. Bf4 Nd5 67. Be5 Ne7 68. Kf2 Nc6 69. Bc7 b4 70. cxb4 Nxb4 71. Kg2 Nd5 72. Bb8 f4 73. gxf4 Nxf4+ 74. Bxf4 Kxf4 75. Kf2 Ke4 76. Ke2 Kd4 77. Kd2 Kc4 78. a6 bxa6 1/2-1/2

[Event "Moscow Rapid-ch 2018"]
[Site "Moscow"]
[Date "2018.12.09"]
[Round "8"]
[White "Reprintsev, Alexander"]
[Black "Kornilovich, Dmitry"]
[Result "0-1"]
[ECO "B10"]
[WhiteElo "2371"]
[BlackElo "2133"]
[Annotator "NA"]
[PlyCount "228"]
[EventDate "2018.12.08"]
[EventType "swiss"]
[EventCountry "RUS"]
[SourceTitle "playchess.com"]
[Source "ChessBase"]
[SourceQuality "1"]
[TimeControl "900+10"]

1. e4 c6 2. b3 d5 3. Qe2 dxe4 4. Nc3 g6 5. Bb2 Bg7 6. h4 h5 7. Nh3 Bg4 8. Qxe4 Nf6 9. Qd3 Nbd7 10. Ng5 O-O 11. Qg3 Nc5 12. f3 Bf5 13. O-O-O e5 14. Qxe5 Nfe4 15. Qxg7+ Kxg7 16. Ncxe4+ Kh6 17. Nxc5 b6 18. Nce4 f6 19. Nh3 Bxe4 20. fxe4 Qd6 21. Be2 Qg3 22. Rdf1 f5 23. exf5 Rxf5 24. Rxf5 gxf5 25. Bf3 Re8 26. Bf6 Qd6 27. Bg5+ Kh7 28. Kb2 a5 29. Bxh5 Re4 30. Bf3 a4 31. Bxe4 a3+ 32. Kc1 fxe4 33. Rf1 c5 34. Be3 Qe5 35. c3 Qg3 36. Ng5+ Kh8 37. Rf8+ Kg7 38. Ne6+ Kh7 39. Rf7+ Kh8 40. Rf8+ Kh7 41. Rf2 Qxh4 42. Ng5+ Kg6 43. Nh3 Kg7 44. Kc2 Qd8 45. Nf4 Qh4 46. Rf1 Qg4 47. g3 Kg8 48. Rg1 Kg7 49. Rh1 Kg8 50. Nd5 Qf3 51. Rh4 Qf1 52. Rg4+ Kh8 53. Rh4+ Kg7 54. Rg4+ Kh8 55. Rxe4 Qa1 56. Re8+ Kg7 57. Nxb6 Qxa2+ 58. Kd3 Qxb3 59. Re7+ Kf6 60. Bxc5 a2 61. Ra7 Qb1+ 62. Kc4 a1=Q 63. Rxa1 Qxa1 64. Be3 Ke6 65. Kb5 Qb1+ 66. Kc5 Qf5+ 67. Kc4 Qe4+ 68. Kb3 Kd6 69. Nc4+ Kc6 70. Nb2 Kb5 71. Bf4 Qe6+ 72. c4+ Kc6 73. d4 Qe4 74. Be5 Qe3+ 75. Kc2 Qe2+ 76. Kc3 Qe1+ 77. Kb3 Qe3+ 78. Ka2 Kb6 79. Kb1 Ka5 80. Kc2 Qe2+ 81. Kc3 Qe1+ 82. Kb3 Qe3+ 83. Ka2 Qe2 84. Kb3 Qe3+ 85. Kc2 Qe2+ 86. Kc1 Kb4 87. Bf4 Kb3 88. Bd2 Qf1+ 89. Nd1 Qxc4+ 90. Nc3 Qf1+ 91. Nd1 Qa6 92. Bf4 Qd3 93. Ne3 Qxd4 94. Ng4 Qd3 95. Ne3 Qe2 96. Bh6 Qe1+ 97. Nd1 Qxg3 98. Be3 Qg2 99. Nf2 Qf3 100. Kd2 Kc4 101. Nd1 Qe4 102. Nf2 Qf3 103. Nd1 Qd5+ 104. Ke2 Qd3+ 105. Ke1 Kd5 106. Bd2 Qf3 107. Be3 Ke4 108. Kd2 Qf1 109. Nc3+ Kf3 110. Bd4 Qc4 111. Bg7 Qc5 112. Kc2 Qf2+ 113. Kd3 Qf1+ 114. Kd4 Qg1+ 0-1

[Event "Moscow Rapid-ch 2018"]
[Site "Moscow"]
[Date "2018.12.09"]
[Round "8"]
[White "Pavlov, Danila"]
[Black "Vlasov, Sergey"]
[Result "1/2-1/2"]
[ECO "C68"]
[WhiteElo "2323"]
[BlackElo "2229"]
[Annotator "NA"]
[PlyCount "45"]
[EventDate "2018.12.08"]
[EventType "swiss"]
[EventCountry "RUS"]
[SourceTitle "playchess.com"]
[Source "ChessBase"]
[SourceQuality "1"]
[TimeControl "900+10"]

1. e4 e5 2. Nf3 Nc6 3. Bb5 a6 4. Bxc6 dxc6 5. O-O f6 6. d4 exd4 7. Nxd4 Bd6 8. f4 Qe7 9. e5 fxe5 10. fxe5 Bc5 11. Kh1 Be6 12. Bg5 Qd7 13. Nxe6 Qxe6 14. Nc3 Ne7 15. Ne4 Bb6 16. Bxe7 Qxe7 17. Qh5+ g6 18. Qh3 Rf8 19. Nf6+ Rxf6 20. exf6 Qf7 21. Rae1+ Kf8 22. Re7 Qc4 23. Qh6+ 1/2-1/2